 Dungeon Sprint DCSS version 0.27.1-33-g824d729ab1 (webtiles) character file.

Game seed: 2382974270248928495

3016 Hipnos the Imperceptible (level 9, -1/41 HPs)
             Began as a Spriggan Enchanter on Nov 26, 2021.
             Was a Believer of Makhleb.
             Slain by a centaur warrior (13 damage)
             ... in the Dungeon (Sprint I: "Red Sonja").
             The game lasted 00:04:40 (853 turns).

Hipnos the Imperceptible (Spriggan Enchanter)        Turns: 853, Time: 00:04:41

Health: -1/41      AC:  4    Str:  4    XL:     9   Next: 55%
Magic:  16/24      EV: 22    Int: 16    God:    Makhleb [**....]
Gold:   194        SH:  0    Dex: 19    Spells: 7/28 levels left

rFire    . . .     SeeInvis +   k - +0 short sword (distort)
rCold    . . .     Faith    .   (shield restricted)
rNeg     . . .     Spirit   .   i - +2 robe {Will+}
rPois    .         Reflect  .   (helmet restricted)
rElec    .         Harm     .   (no cloak)
rCorr    .         Rampage  .   (gloves unavailable)
Will     ++...     NoTele   +   (boots unavailable)
Stlth    ++++......             (no amulet)
HPRegen  0.13/turn              (no ring)
MPRegen  0.19/turn              (no ring)

@: very slightly contaminated, invisible, slow
A: very small, no large weapons, unfitting armour, see invisible, speed 3
a: Renounce Religion, Minor Destruction


You were in the Dungeon.
You worshipped Makhleb.
Makhleb was pleased with you.
You visited 1 branch You collected 834 gold pieces.
You spent 640 gold pieces at shops.

Inventory:

Hand Weapons
 a - a +1 dagger
 k - a +0 short sword of distortion (weapon)
Armour
 b - a +0 robe
 i - a +2 robe of willpower (worn)
Wands
 g - a wand of digging (7)
Scrolls
 h - a scroll of blinking
Potions
 c - 3 potions of curing
 d - a potion of heal wounds
 e - a potion of haste
 f - 2 potions of magic
 j - a potion of might {unknown}


   Skills:
 + Level 1.0 Fighting
 + Level 5.9 Short Blades
 + Level 6.9 Dodging
 * Level 22.1 Stealth
 + Level 10.0 Spellcasting
 + Level 12.5 Hexes
 + Level 3.3 Ice Magic


You had 7 spell levels left.
You knew the following spells:

 Your Spells              Type           Power      Damage    Failure   Level
a - Corona                Hex            53%        N/A       1%          1
b - Ensorcelled Hibernat  Hex/Ice        66%        N/A       1%          2
c - Confusing Touch       Hex            48%        N/A       1%          3
d - Tukima's Dance        Hex            48%        N/A       1%          3
e - Dazzling Flash        Conj/Hex       56%        N/A       1%          3
f - Blink                 Tloc           N/A        N/A       14%         2
g - Apportation           Tloc           16%        N/A       9%          1
h - Invisibility          Hex            24%        N/A       9%          6

Your spell library contained the following spells:

 Spells                   Type           Power      Damage    Failure   Level
 Alistair's Intoxication  Tmut/Pois      5%         N/A       94%         5
 Manifold Assault         Tloc           8%         N/A       94%         5
 Storm Form               Tmut/Air       4%         N/A       100%        7


Dungeon Overview and Level Annotations

Branches:
Dungeon (1/1)

Altars:
Cheibriados
Dithmenos
Elyvilon
Fedhas
Gozag
Hepliaklqana
Kikubaaqudgha
Makhleb
Nemelex Xobeh
Okawaru
Qazlal
Ru
Sif Muna
Trog
Uskayaw
Vehumet
Wu Jian
Xom
Yredelemnul
Zin
The Shining One
Jiyva
Lugonu

Shops:
D :[


Innate Abilities, Weirdness & Mutations

You are very small and have problems with some larger weapons.
You are too small for most types of armour.
You have supernaturally acute eyesight. (SInv)
You cover ground extremely quickly. (Speed+++)


Message History

The centaur warrior barely misses you. The centaur warrior kicks you.
Found a pair of glowing gloves.
There is an open door here.
You enter the shallow water.
Moving in this stuff is going to be slow. ...and don't expect to remain undetected.
The centaur warrior unwields a +0 shortbow.
The centaur warrior completely misses you.
The centaur warrior misses you. The centaur warrior hits you!
The centaur warrior kicks you.
The centaur warrior completely misses you.
The centaur warrior misses you.
Casting: Invisibility (extremely dangerous; 10% risk of failure)
Confirm with . or Enter, or press ? or * to list all spells.
Aiming: Ensorcelled Hibernation (safe; 1% risk of failure)
Press: ? - help, Shift-Dir - straight line, f - centaur warrior
Aim: a centaur warrior, quivering arrows (chance to affect: 42%)
The centaur warrior looks drowsy...
The centaur warrior hits you!
The centaur warrior completely misses you.
The helpless centaur warrior fails to defend itself.
You perforate the centaur warrior like a sieve!!!!
You kill the centaur warrior!
Makhleb accepts your kill.
You feel better.
You hear a splash. x2
The centaur warrior closely misses you. x2; The centaur warrior hits you!
* * * LOW HITPOINT WARNING * * *
The centaur warrior barely misses you.
Your Fighting skill increases to level 1!
Your Stealth skill increases to level 22!
Your Spellcasting skill increases to level 10!
Your Ice Magic skill increases to level 3!
Casting: Ensorcelled Hibernation (safe; 1% risk of failure)
Confirm with . or Enter, or press ? or * to list all spells.
Aiming: Ensorcelled Hibernation (safe; 1% risk of failure)
Press: ? - help, Shift-Dir - straight line, f - centaur warrior
Aim: a centaur warrior, quivering arrows (purple smoke, chance to affect: 44%)
The centaur warrior resists with some effort.
The centaur warrior hits you!
You die...

########################
.#.)'..#.)'..#__#..+s.)#
.'..#.)'..#..'..'..#ss.##+#
.#####'#####'#__####)..s..#
.####..#...#.####§§#####..+
.#__####..##)#≈§§§§# ##
.#_____##'#_.+§§§c§+
⌠#_.∩...'..._#§§@§§#
##_..__##_.#'##§####
#_____###'#[#$)=!#
##########.####'###
........'...'..[..+
#++++####.(.####### ###.###
#.#'#.# #.....#


You could see a centaur warrior.

Vanquished Creatures
  A centaur warrior (D)
  Sonja (D)
  A deep troll (D)
  2 kobold demonologists (D)
  A slime creature (D)
  Sigmund (D)
  A yak (D)
  A floating eye (D)
  An ogre (D)
  A jelly (D)
  Ijyb (D)
12 creatures vanquished.

Vanquished Creatures (others)
  2 ballistomycete spores (D)
2 creatures vanquished.

Grand Total: 14 creatures vanquished

Notes
Turn   | Place    | Note
-------+----------+-------------------------------------------
     0 | D        | Hipnos the Spriggan Enchanter began the quest for the Orb.
     0 | D        | Reached XP level 1. HP: 9/9 MP: 5/5
     1 | D        | Noticed Ijyb
    12 | D        | Killed Ijyb
    13 | D        | Reached skill level 7 in Stealth
    13 | D        | Reached skill level 5 in Hexes
    13 | D        | Reached XP level 2. HP: 7/13 MP: 7/7
   200 | D        | Learned a level 2 spell: Ensorcelled Hibernation
   200 | D        | Noticed an ogre
   203 | D        | Killed an ogre
   204 | D        | Reached skill level 10 in Stealth
   204 | D        | Reached XP level 3. HP: 16/16 MP: 7/9
   204 | D        | Reached XP level 4. HP: 21/21 MP: 8/11
   237 | D        | Learned a level 3 spell: Confusing Touch
   241 | D        | Learned a level 3 spell: Tukima's Dance
   241 | D        | Noticed Sigmund
   250 | D        | Killed Sigmund
   251 | D        | Reached skill level 5 in Dodging
   251 | D        | Reached skill level 13 in Stealth
   251 | D        | Reached skill level 5 in Spellcasting
   251 | D        | Reached XP level 5. HP: 13/24 MP: 1/14
   251 | D        | Reached XP level 6. HP: 15/28 MP: 1/15
   404 | D        | Found a burning altar of Makhleb.
   404 | D        | Found a viscous altar of Jiyva.
   404 | D        | Found a shimmering altar of Xom.
   404 | D        | Found a corrupted altar of Lugonu.
   404 | D        | Noticed a slime creature
   407 | D        | Became a worshipper of Makhleb the Destroyer
   416 | D        | Killed a slime creature
   417 | D        | Reached skill level 15 in Stealth
   437 | D        | Found an ornate altar of the Wu Jian Council.
   437 | D        | Found a shimmering blue altar of Sif Muna.
   439 | D        | Found a radiant altar of Vehumet.
   446 | D        | Found Touth's Antique Armour Emporium.
   446 | D        | Found an ancient bone altar of Kikubaaqudgha.
   446 | D        | Found a hazy altar of Hepliaklqana.
   446 | D        | Found a stormy altar of Qazlal.
   446 | D        | Found a hide-covered altar of Uskayaw.
   446 | D        | Found a blossoming altar of Fedhas.
   446 | D        | Found a bloodstained altar of Trog.
   446 | D        | Found an iron altar of Okawaru.
   446 | D        | Found a basalt altar of Yredelemnul.
   446 | D        | Found a glowing golden altar of the Shining One.
   446 | D        | Found a snail-covered altar of Cheibriados.
   446 | D        | Found a sacrificial altar of Ru.
   446 | D        | Found a glowing silver altar of Zin.
   446 | D        | Found a shadowy altar of Dithmenos.
   446 | D        | Found a white marble altar of Elyvilon.
   446 | D        | Noticed a yak
   447 | D        | Found an opulent altar of Gozag.
   448 | D        | Killed a yak
   448 | D        | Reached * piety under Makhleb
   449 | D        | Reached skill level 16 in Stealth
   449 | D        | Reached skill level 10 in Hexes
   449 | D        | Reached skill level 1 in Ice Magic
   449 | D        | Reached XP level 7. HP: 31/32 MP: 13/18
   449 | D        | Found a sparkling altar of Nemelex Xobeh.
   493 | D        | Noticed a kobold demonologist
   498 | D        | Noticed a kobold demonologist
   500 | D        | Killed a kobold demonologist
   501 | D        | Reached skill level 17 in Stealth
   502 | D        | Killed a kobold demonologist
   502 | D        | Reached ** piety under Makhleb
   503 | D        | Reached skill level 18 in Stealth
   503 | D        | Reached XP level 8. HP: 36/36 MP: 15/21
   508 | D        | Noticed a demonic crawler
   508 | D        | Noticed a demonic crawler
   508 | D        | Noticed a demonic crawler
   508 | D        | Noticed a demonic crawler
   603 | D        | Noticed Sonja
   607 | D        | Killed Sonja
   608 | D        | Reached skill level 5 in Short Blades
   608 | D        | Reached skill level 20 in Stealth
   791 | D        | Found Voguoh's Book Boutique.
   799 | D        | Bought an Inescapable Atlas for 340 gold pieces
   799 | D        | Bought a book of Party Tricks for 300 gold pieces
   803 | D        | Learned a level 3 spell: Dazzling Flash
   806 | D        | Learned a level 2 spell: Blink
   808 | D        | Learned a level 1 spell: Apportation
   815 | D        | Learned a level 6 spell: Invisibility
   828 | D        | Noticed a deep troll
   832 | D        | Killed a deep troll
   833 | D        | Reached skill level 21 in Stealth
   833 | D        | Reached XP level 9. HP: 40/40 MP: 16/23
   847 | D        | Noticed a centaur warrior
   848 | D        | Noticed a centaur warrior
   852 | D        | Killed a centaur warrior
   853 | D        | Reached skill level 1 in Fighting
   853 | D        | Reached skill level 22 in Stealth
   853 | D        | Reached skill level 10 in Spellcasting
   853 | D        | Slain by a centaur warrior

Illustrated notes

Levels and vault maps discovered:
D:        dungeon_sprint_1 [red_sonja_temple_1, red_sonja_temple_small_1]

Skill      XL: |  1  2  3  4  5  6  7  8  9 |
---------------+----------------------------+-----
Dodging        | 3 4 5 6 |  6.9
Stealth        | 7 10 13 16 18 21 22 | 22.1
Spellcasting   | 3 4 5 7 8 9 10 | 10.0
Hexes          | 5 6 8 10 11 12 | 12.5
Short Blades   | 2 3 4 5 |  5.9
Ice Magic      | 1 2 3 |  3.3
Fighting       | 1 |  1.0

Action                   |  1- 3 |  4- 6 |  7- 9 || total
-------------------------+-------+-------+-------++-------
Melee: Dagger            |     9 |     5 |     4 ||    18
       Short sword       |       |       |     2 ||     2
 Cast: Ensorcelled Hiber |       |     8 |     4 ||    12
       Invisibility      |       |       |     1 ||     1
  Use: Potion            |     1 |       |       ||     1
 Stab: Sleeping          |     2 |     4 |     6 ||    12
Dodge: Dodged            |     4 |     5 |    11 ||    20
